 Dungeon Crawl Stone Soup version 0.27-a0-3-gcf006a40f5 (webtiles) character file.

Game seed: 4373927078150970785

297 jestyr24 the Conjurer (level 6, -3/46 HPs)
             Began as a Draconian Conjurer on Jan 1, 2021.
             Slain by a river rat (4 damage)
             ... on level 3 of the Dungeon on Jan 2, 2021.
             The game lasted 00:23:46 (4134 turns).

jestyr24 the Conjurer (Draconian Conjurer)          Turns: 4134, Time: 00:23:48

Health: -3/46      AC:  7    Str:  9    XL:     6   Next: 12%
Magic:  8/10       EV: 12    Int: 21    God:
Gold:   123        SH:  4    Dex:  9    Spells: 8/11 levels left

rFire    . . .     SeeInvis .   j - +0 long sword (holy)
rCold    . . .     Faith    .   o - +0 buckler
rNeg     . . .     Spirit   .   (armour unavailable)
rPois    .         Reflect  .   (helmet restricted)
rElec    .         Harm     .   (no cloak)
rCorr    .         Rampage  .   r - +0 pair of gloves
Will     .....                  (no boots)
Stlth    ++........             (no amulet)
HPRegen  0.15/turn              (no ring)
MPRegen  0.12/turn              (no ring)

@: no status effects
A: unfitting armour, cold-blooded, AC +6
a: no special abilities


You were on level 3 of the Dungeon.
You visited 1 branch of the dungeon, and saw 3 of its levels.

You collected 123 gold pieces.

Inventory:

Hand Weapons
 c - a +0 dagger
 d - a +0 mace of draining
 f - a +0 hand axe
 j - a +0 long sword of holy wrath (weapon)
 q - a +0 short sword
Missiles
 e - 18 poisoned darts (quivered)
Armour
 o - a +0 buckler (worn)
 r - a +0 pair of gloves (worn)
Wands
 n - a wand of random effects (26)
Scrolls
 a - a scroll of identify
 b - a scroll of blinking {unknown}
 g - 3 scrolls of remove curse {unknown}
 i - a scroll of fog {unknown}
 k - a scroll of amnesia {unknown}
 l - a scroll of enchant weapon {unknown}
Potions
 h - a potion of degeneration
 m - a potion of attraction {unknown}
 p - a potion of curing


   Skills:
 - Level 0.4 Fighting
 - Level 1.1(1.2) Short Blades
 - Level 0.4(0.9) Long Blades
 - Level 2.2 Dodging
 - Level 2.0 Stealth
 + Level 3.1 Shields
 - Level 0.1 Unarmed Combat
 - Level 3.0 Spellcasting
 - Level 5.4 Conjurations


You had 8 spell levels left.
You knew the following spells:

 Your Spells              Type           Power        Failure   Level
a - Magic Dart            Conj           100%         1%          1
b - Searing Ray           Conj           50%          2%          2

Your spell library contained the following spells:

 Spells                   Type           Power        Failure   Level
 Dazzling Flash           Conj/Hex       28%          14%         3
 Fulminant Prism          Conj/Hex       7%           43%         4
 Iskenderun's Mystic Bla  Conj/Tloc      14%          43%         4


Dungeon Overview and Level Annotations

Branches:
Dungeon (3/15)

Altars:
Fedhas


Innate Abilities, Weirdness & Mutations

Your plain brown scales are hard. (AC +6)
You cannot fit into any form of body armour.
You are cold-blooded and may be slowed by cold attacks.


Message History

The river rat twitches its whiskers.
The river rat bites you but does no damage.
Casting: Magic Dart (safe; 1% risk of failure)
Confirm with . or Enter, or press ? or * to list all spells.
Aiming: Magic Dart (safe; 1% risk of failure)
Press: ? - help, Shift-Dir - straight line, f/p - river rat
Aim: a river rat (heavily wounded, 0% to evade)
The magic dart hits the river rat.
You kill the river rat!
You block the river rat's attack. The rat bites you but does no damage.
You block the river rat's attack.
As you read the scroll labelled QYUVOE JIQOGHE, it crumbles to dust.
It is a scroll of identify.
h - a potion of degeneration The river rat closely misses you.
You riposte.
You closely miss the river rat.
The river rat is lightly wounded.
The rat barely misses you.
You riposte.
You hit the rat.
You kill the rat!
The river rat bites you.
You die...

#........ #........
###########........
#..................
#.####..###########
###.#####.#
#.........#
#.≈≈......#
#≈w≈≈≈†@r##
#≈≈≈≈≈.†r#
##''#≈≈..# #≈≈
#≈≈..# #≈ #≈≈≈.#
#≈...# ######


You could see a worm and 2 river rats.

Vanquished Creatures
  2 orc wizards (D:3)
  Robin (D:3)
  6 adders
  4 gnolls (D:2)
  A river rat (D:3)
  4 oozes
  A worm (D:3)
  7 dart slugs
  3 leopard geckos
  10 orcs (D:3)
  6 giant cockroaches
  10 goblins
  10 hobgoblins
  9 kobolds
  A quokka (D:2)
  3 ball pythons
  6 bats
  4 frilled lizards
  9 rats
97 creatures vanquished.

Vanquished Creatures (others)
  2 plants (D:2)
2 creatures vanquished.

Grand Total: 99 creatures vanquished

Notes
Turn   | Place    | Note
-------+----------+-------------------------------------------
     0 | D:1      | jestyr24 the Draconian Conjurer began the quest for the
                  | Orb.
     0 | D:1      | Reached XP level 1. HP: 14/14 MP: 3/3
   125 | D:1      | Reached XP level 2. HP: 12/20 MP: 0/5
   702 | D:1      | Reached XP level 3. HP: 26/26 MP: 0/6
   971 | D:1      | Learned a level 2 spell: Searing Ray
  1157 | D:2      | Reached skill level 5 in Conjurations
  1248 | D:2      | Reached XP level 4. HP: 31/33 MP: 1/7
  1390 | D:2      | Reached skill level 1 in Short Blades
  2169 | D:2      | Reached XP level 5. HP: 39/39 MP: 6/9
  2304 | D:2      | Found a blossoming altar of Fedhas.
  2995 | D:3      | Noticed Robin
  3036 | D:3      | Killed Robin
  3037 | D:3      | Reached skill level 1 in Shields
  3691 | D:3      | Reached XP level 6. HP: 42/46 MP: 5/10
  4132 | D:3      | HP: 1/46 [river rat (10)]
  4134 | D:3      | Slain by a river rat

Illustrated notes

Levels and vault maps discovered:
D:1:      dpeg_arrival_orchard, layout_loops_ring
D:2:      layout_loops_ring, fedhas_altar_1, chequers_serial_rivers_micro_a,
          dk_vineyard_2
D:3:      layout_basic, portal_sewer_entry_e, uniq_robin

Skill      XL: |  1  2  3  4  5  6 |
---------------+-------------------+-----
Conjurations   | 5 |  5.4
Dodging        | 2 |  2.2
Short Blades   | 1 |  1.1
Stealth        | 2 |  2.0
Spellcasting   | 3 |  3.0
Shields        | 2 3 |  3.1
Fighting       | |  0.4
Long Blades    | |  0.4
Unarmed Combat | |  0.1

Action                   |  1- 3 |  4- 6 || total
-------------------------+-------+-------++-------
Melee: Unarmed           |    23 |       ||    23
       Tailslap          |     3 |     8 ||    11
       Dagger            |    18 |    39 ||    57
       Long sword        |       |    83 ||    83
 Cast: Magic Dart        |    36 |    28 ||    64
       Searing Ray       |     4 |    23 ||    27
  Use: Scroll            |       |     4 ||     4
       Potion            |       |     1 ||     1
 Stab: Sleeping          |       |     1 ||     1
Armor: Skin              |    20 |    58 ||    78
Dodge: Dodged            |    39 |    95 ||   134
Block: Buckler           |       |    20 ||    20
       Rpst.: Long sword |       |    27 ||    27

Table legend: (Time is in decaauts)
 A = Elapsed time spent in this place.
 B = Non-inter-level travel time spent in this place.
 C = Inter-level travel time spent in this place.
 D = Time resting spent in this place.
 E = Time spent auto-exploring this place.
 F = Levels seen in this place.
 G = Mean time per level.
                   A        B        C        D        E       F      G
               +--------+--------+--------+--------+--------+-----+--------+
         Total |   4163 |   4021 |    142 |   1330 |   1534 |   3 | 1387.7 |
       Dungeon |   4163 |   4021 |    142 |   1330 |   1534 |   3 | 1387.7 |
               +--------+--------+--------+--------+--------+-----+--------+

Top non-repeatable levels by time:
     D:2: 1636 daAuts
     D:1: 1316 daAuts
     D:3: 1210 daAuts
